 Dungeon Crawl Stone Soup version 0.31.0-4-g52a2dc7128 (webtiles) character file.

Game seed: 17611240551981644330

297141 Xavori the Peltast (level 21, -10/154 HPs)
             Began as a Djinni Chaos Knight on Jan 22, 2024.
             Was a Favourite Plaything of Xom.
             Mangled by a +6 hand axe (16 damage)
             ... on level 2 of the Elven Halls on Jan 23, 2024.
             The game lasted 01:09:23 (50050 turns).

Xavori the Peltast (Djinni Chaos Knight)           Turns: 50050, Time: 01:09:25

Health: -10/154    AC: 16    Str: 23    XL:     21   Next: 83%
Gold:   1944       EV: 21    Int: 16    God:    Xom [.*....] SH: 30 Dex: 25

rFire   + + .        D - +3 scimitar (flame)
rCold   + . .        y - +5 Storm Queen's Shield {shock, Fly rElec}
rNeg    + . .        M - +5 moon troll leather armour {Spirit, Regen++ MP+5}
rPois   ∞            Y - +0 helmet {SInv}
rElec   +            B - +2 cloak {rCorr}
rCorr   +            W - +0 pair of gloves of Parts Unknown {rPois Dex+5}
SInv    +            (boots unavailable)
Will    +++..        s - amulet of reflection
Stlth   +++          H - ring of the Leaf {rPois rC+ rN+ Dex+2 Stlth+}
HPRegen 2.05/turn    l - ring "Vyc Jiem" {*Slow rPois rC+ Will+ Str+6}
MPRegen 0.00/turn

%: slow self (1%), reflection, guardian spirit, infuse magic (-11 HP)
@: about to teleport, flying
A: sickness immunity, fire resistance 2, cold vulnerability 1, float, innate
caster, HP casting, extra vitality 1, fangs 1, large bone plates 1, strong 1,
wild magic 1, MP-powered wands
}: 2/15 runes: decaying, serpentine
a: Renounce Religion


You were on level 2 of the Elven Halls.
You worshipped Xom.
You were a plaything of Xom.
You visited 6 branches of the dungeon, and saw 32 of its levels.
You also visited: Trove.

You collected 5763 gold pieces.
You spent 3819 gold pieces at shops.

Inventory:

Hand Weapons
 h - a +2 scimitar of holy wrath
 D - a +3 scimitar of flaming (weapon)
Armour
 i - the +0 helmet "Vacuv" {rC- Str+4 Slay+6}
   (You found it in a treasure trove)

   Str+4:     It affects your strength (+4).
   Slay+6:    It affects your accuracy & damage with ranged weapons and melee
   (+6).
   rC-:       It makes you vulnerable to cold.
 y - the +5 Storm Queen's Shield (worn) {shock, Fly rElec}
   (You bought it in a shop on level 3 of the Dungeon)

   Shock:     When it blocks an attack, it may electrocute the attacker.
   This works even against foes who are a short distance away.
   rElec:     It insulates you from electricity.
   Fly:       It grants you flight.
 B - a +2 cloak of preservation (worn)
 M - the +5 moon troll leather armour (worn) {Spirit, Regen++ MP+5}
   (You bought it in a shop on level 3 of the Dungeon)

   MP+5:      It affects your magic capacity (+5).
   Regen++:   It increases your rate of health regeneration.
 S - a +2 tower shield of cold resistance
 W - the +0 pair of gloves of Parts Unknown (worn) {rPois Dex+5}
   (You found it on level 2 of the Lair of Beasts)

   Dex+5:     It affects your dexterity (+5).
   rPois:     It protects you from poison
 Y - a +0 helmet of see invisible (worn)
Jewellery
 l - the ring "Vyc Jiem" (right hand) {*Slow rPois rC+ Will+ Str+6}
   (You bought it in a shop on level 3 of the Dungeon)

   [ring of poison resistance]

   Str+6:     It affects your strength (+6).
   rC+:       It protects you from cold.
   rPois:     It protects you from poison Will+: It increases your willpower.
   *Slow:     It may slow you when you take damage.
 s - an amulet of reflection (around neck)
 E - a +5 ring of evasion
 H - the ring of the Leaf (left hand) {rPois rC+ rN+ Dex+2 Stlth+}
   (You bought it in a shop on level 2 of the Snake Pit)

   [ring of positive energy]

   Dex+2:     It affects your dexterity (+2).
   rC+:       It protects you from cold.
   rPois:     It protects you from poison rN+: It protects you from negative
   energy.
   Stlth+:    It makes you more stealthy.
Wands
 n - a wand of digging (18)
 q - a wand of polymorph (32)
 x - a wand of charming (43)
 Q - a wand of mindburst (6)
 R - a wand of flame (86)
 V - a wand of roots (19)
Scrolls
 c - 3 scrolls of butterflies
 g - 15 scrolls of teleportation
 j - 4 scrolls of blinking
 k - 6 scrolls of enchant weapon
 m - 4 scrolls of fog
 o - 4 scrolls of fear
 p - 2 scrolls of silence
 C - 3 scrolls of enchant armour
 G - 5 scrolls of brand weapon
 I - 5 scrolls of poison
 K - 4 scrolls of immolation
 O - 8 scrolls of revelation
Potions
 d - 3 potions of might
 t - 8 potions of heal wounds
 u - 5 potions of ambrosia
 v - 2 potions of haste
 z - 6 potions of enlightenment
 A - 6 potions of mutation
 F - 5 potions of curing
 J - a potion of brilliance
 L - a potion of invisibility
 N - 2 potions of resistance
 T - 3 potions of cancellation
 U - 3 potions of berserk rage
Miscellaneous
 b - a phantom mirror
 e - a lightning rod (4/4)
 f - a phial of floods
 w - a sack of spiders
 Z - a tin of tremorstones (2/2)


   Skills:
 + Level 14.9 Fighting
 + Level 16.6 Long Blades
 * Level 14.6 Armour
 - Level 10.6 Dodging
 - Level 17.0 Shields
 + Level 0.2 Unarmed Combat
 * Level 11.6 Spellcasting
 * Level 11.6 Conjurations
 * Level 11.6 Hexes
 * Level 11.6 Summonings
 * Level 11.6 Necromancy
 * Level 11.6 Translocations
 * Level 11.6 Fire Magic
 * Level 11.6 Ice Magic
 * Level 11.6 Air Magic
 * Level 11.6 Earth Magic
 * Level 11.6 Alchemy
 - Level 8.9 Evocations


You knew the following spells:

 Your Spells              Type           Power      Damage    Failure   Level
a - Apportation           Tloc           100%       N/A       1%          1
b - Ensorcelled Hibernat  Hex/Ice        100%       N/A       1%          2
c - Momentum Strike       Conj/Tloc      100%       3d10      1%          2
d - Brom's Barrelling Bo  Conj/Erth      57%        2d7       2%          4
e - Iskenderun's Mystic   Conj/Tloc      57%        2d12      2%          4
f - Fireball              Conj/Fire      28%        3d12      4%          5
g - Bombard               Conj/Erth      28%        9d5       22%         6
h - Orb of Destruction    Conj           28%        9d9       71%         7
i - Haunt                 Necr/Summ      28%        N/A       71%         7
j - Monstrous Menagerie   Summ           28%        N/A       71%         7
Your spell library was empty.

Dungeon Overview and Level Annotations

Branches:
Dungeon (15/15)            Temple (0/1) D:6            Lair (5/5) D:8
  Swamp (4/4) Lair:3        Snake (4/4) Lair:3        Slime (0/5) Lair:4
    Orc (2/2) D:10            Elf (2/3) Orc:2        Vaults (0/5) D:14
 Depths (0/4) D:15

Altars:
Ashenzari
Nemelex Xobeh
Qazlal
Ru
Trog
Xom
Zin
The Shining One
Jiyva

Shops:
D:3 (*[=   D:4 !   D:6 [   D:8 ?((   D:14 *   Orc:1 ?   Orc:2 [[(:   Elf:1 [
Elf:2 :   Snake:2 *=   Snake:3 *

Annotations:
D:8 2 transporters
Lair:3 exclusion: ice statue
Snake:1 Nikola


Innate Abilities, Weirdness & Mutations

You are immune to sickness and miasma.
You are immune to poison.
Your flesh is very heat resistant. (rF++)
You are vulnerable to cold. (rC-)
You float through the air rather than walking.
You learn spells naturally, not from books.
Your magical power is your life essence.
You have superior vitality. (+4 MHP)
You have very sharp teeth.
You are partially covered in large bone plates. (SH +4)
Your muscles are strong. (Str +4, Int/Dex -1)
Your spells are a little harder to cast, but a little more powerful.
You expend health (3 HP) to strengthen your wands.


Message History

* * * LOW HITPOINT WARNING * * *
The deep elf blademaster completely misses you.
Unknown command.
Blink to where?
Press: ? - help, Dir - move target
As you read the scroll of blinking, it crumbles to dust.
As you read the scroll of teleportation, it crumbles to dust.
You feel strangely unstable.
Your surroundings suddenly seem different.
A +6 hand axe and 2 deep elf knights come into view.
Xom thinks this is hilarious!
The deep elf knight shouts! x2; You hear a shout! x3
A +2 scimitar of electrocution comes into view.
A deep elf pyromancer comes into view. It is wielding a +0 long sword.
The deep elf knight mumbles some strange words.
The deep elf knight seems to speed up.
A deep elf pyromancer comes into view. It is wielding a +0 dagger.
The deep elf pyromancer shouts!
Unknown command.
As you read the scroll of teleportation, it crumbles to dust.
You feel strangely unstable.
The deep elf pyromancer shouts!
The deep elf knight gestures at you while chanting.
The lance of force hits you!!
* * * LOW HITPOINT WARNING * * *
You are knocked back by the lance of force.
You collide with the +6 hand axe!
The +6 hand axe is severely damaged.
* * * LOW HITPOINT WARNING * * *
You block the +6 hand axe's attack.
The deep elf knight mumbles some strange words.
The deep elf knight seems to speed up.
You feel much better. You block the +6 hand axe's attack.
The deep elf knight gestures at you while chanting.
The shard of ice hits you!! You partially resist.
* * * LOW HITPOINT WARNING * * *
Xom roars with laughter!
The +6 hand axe hits you!
You die...
Xom laughs nastily!

...###.........
.e.............
...............
.e.............
...............
...(...........
...............
....ee.@(......
...............
##.....###.....
##...# ...#
#### ###


You could see 2 deep elf knights, 2 deep elf pyromancers and 2 dancing weapons.

Vanquished Creatures
  2 tentacled monstrosities (Swamp:4)
  Roxanne (Snake:4)
  A storm dragon (D:15)
  7 nagarajas
  A shadow dragon (D:15)
  The ghost of croobank the Purveyor of Pain, an adept FeSu of Kikubaaqudgha (Snake:4)
  Aizul (Swamp:3)
  A fenstrider witch (Swamp:2)
  2 deep elf elementalists
  An orc warlord (Orc:2)
  Louise (Snake:4)
  3 ghouls (Swamp:3)
  A very ugly thing (Swamp:4)
  A broodmother (Snake:2)
  4 eleionomae
  A vampire knight (D:13)
  A deep elf demonologist (Elf:1)
  A war gargoyle (D:15)
  A dire elephant (shapeshifter) (Lair:4)
  A deep elf death mage (Elf:1)
  2 bunyips (Swamp:2)
  Azrael (Snake:1)
  2 minotaurs
  3 fire dragons (D:15)
  Snorg (D:10)
  2 shambling mangroves
  Josephine (Lair:4)
  A green death (Swamp:4)
  2 ghost crabs
  Harold (D:10)
  16 hydras
  A salamander tyrant (Snake:4)
  10 boulder beetles
  4 ogre magi
  16 centaur warriors
  5 vault guards (D:14)
  6 alligators
  A death knight (D:15)
  3 catoblepae (Lair:5)
  13 anacondas
  Erica (D:10)
  A deep troll earth mage (D:15)
  10 death yaks
  21 dancing weapons
  A two-headed ogre (shapeshifter) (D:15)
  13 two-headed ogres
  12 naga warriors
  2 tengu warriors (D:15)
  13 naga sharpshooters
  2 orc high priests
  3 thrashing horrors (Swamp:4)
  5 shock serpents
  2 spriggan berserkers (Swamp:4)
  A soul eater (Swamp:4)
  11 deep elf knights
  3 fire crabs
  3 goliath frogs
  3 salamander mystics
  5 skeletal warriors
  A skyshark (Lair:4)
  3 spriggan druids
  7 mana vipers (Snake:2)
  10 bog bodies
  An orange crystal statue (D:12)
  12 naga ritualists
  An arcanist (D:15)
  4 swamp dragons (Swamp:4)
  A glowing orange brain (D:15)
  A lindwurm (shapeshifter) (D:13)
  2 necromancers (Elf:1)
  7 deep elf archers
  5 orc knights (D:15)
  14 deep elf pyromancers
  13 deep elf zephyrmancers
  8 manticores
  25 ugly things
  8 cyclopes
  7 kobold blastminers
  11 salamanders
  12 elephants
  2 large abominations (Elf:1)
  44 black mambas
  A meliai (Lair:4)
  A meliai (shapeshifter) (D:8)
  19 naga magi
  14 cane toads
  5 guardian serpents
  An apocalypse crab (Swamp:4)
  2 gargoyles
  An eye of devastation (D:15)
  9 rime drakes
  2 efreet
  A yaktaur (shapeshifter) (D:15)
  2 unseen horrors
  2 orange demons (Swamp:4)
  22 komodo dragons
  3 kobold demonologists
  An ice devil (Lair:3)
  An anaconda simulacrum (Lair:3)
  A tengu conjurer (D:8)
  2 bloated husks
  12 tyrant leeches
  13 hornets
  6 trolls
  5 polar bears
  A tarantella (Lair:5)
  Grinder (D:3)
  A dream sheep (Lair:4)
  13 blink frogs
  A raiju (shapeshifter) (D:15)
  2 air elementals
  22 slime creatures
  3 shadows (Swamp:4)
  2 centaur simulacra (D:15)
  3 vampires
  7 wraiths
  11 spriggans
  3 water elementals (Elf:2)
  5 wyverns
  A human (shapeshifter) (D:15)
  3 basilisks (Lair:4)
  38 yaks
  7 fire elementals
  6 humans (D:14)
  A dire elephant simulacrum (Lair:3)
  3 steam dragons
  A redback (D:15)
  2 wargs
  10 vampire mosquitoes
  23 nagas
  4 acid dragons
  Edmund (D:6)
  12 swamp worms
  A water moccasin (shapeshifter) (Lair:3)
  14 water moccasins
  A hell hound (Snake:1)
  A naga (shapeshifter) (D:15)
  26 orc warriors
  6 black bears
  8 ice beasts
  3 swamp drakes (Swamp:1)
  An ice beast (shapeshifter) (D:15)
  4 laughing skulls (D:15)
  2 sky beasts
  23 wolves
  11 ogres
  18 centaurs
  2 elf zombies (Elf:1)
  7 kobold brigands
  An earth elemental (Elf:1)
  15 bullfrogs
  3 gnoll sergeants
  A cane toad simulacrum (Lair:3)
  2 necrophages (Swamp:3)
  A wyvern zombie (D:8)
  A two-headed ogre simulacrum (Lair:3)
  A scorpion (D:5)
  9 wights
  7 killer bees
  2 electric eels
  A centaur zombie (D:8)
  A bombardier beetle (D:4)
  A jelly (D:4)
  A gnoll bouda (D:9)
  14 orc priests
  5 hounds
  Natasha (twice) (D:3)
  27 orc wizards
  9 hell rats (Lair:3)
  A troll simulacrum (Lair:3)
  A killer bee zombie (D:8)
  A polar bear simulacrum (Lair:3)
  19 gnolls
  2 naga simulacra (Lair:3)
  6 adders
  3 white imps
  3 ribbon worms
  3 dart slugs
  66 orcs
  4 bats
  4 endoplasms
  2 giant cockroaches (D:4)
  4 goblins
  6 hobgoblins
  9 kobolds
  A quokka (D:2)
  8 ball pythons
  3 frilled lizards
  7 rats
1133 creatures vanquished.

Vanquished Creatures (collateral kills)
  A naga warrior (Snake:4)
  2 skeletal warriors (D:14)
  2 will-o-the-wisps
  3 salamanders (Snake:4)
  A naga mage (Snake:4)
  A komodo dragon (Lair:5)
  A tyrant leech (Swamp:1)
  A blink frog (Lair:2)
  2 spriggans (Swamp:1)
  4 yaks (D:9)
  Menkaure (D:4)
  Duvessa (D:4)
  A water moccasin (D:5)
  A swamp drake (Swamp:1)
  4 ice beasts (D:8)
  A wolf (D:8)
  A centaur (D:14)
  An ogre (D:5)
  A kobold brigand (D:8)
  A bullfrog (D:8)
  4 wights (D:8)
  Dowan (D:4)
  An orc priest (D:8)
  Ijyb (D:5)
  2 iguanas (D:4)
  An orc wizard (D:8)
  A killer bee zombie (D:8)
  3 orcs
  4 kobolds
  2 boulders
51 creatures vanquished.

Vanquished Creatures (others)
  2 hydras
  An alligator (Swamp:1)
  A deep elf knight (Elf:2)
  A deep elf zephyrmancer (Elf:2)
  2 deep elf pyromancers
  A cyclops (D:15)
  A black mamba (Snake:1)
  An elephant (Lair:4)
  An unseen horror (D:15)
  A komodo dragon (Lair:4)
  2 bloated husks (Swamp:1)
  A troll (Orc:1)
  A human (D:14)
  A warg (Orc:1)
  2 vampire mosquitoes (D:15)
  2 nagas
  3 orc warriors (Orc:1)
  A black bear (D:8)
  An orc wizard (D:13)
  2 gnolls (D:9)
  An orc (Orc:1)
  A dart slug zombie (D:3)
  2 boulders
  8 foxfires
40 creatures vanquished.

Grand Total: 1224 creatures vanquished

Notes
Turn   | Place    | Note
-------+----------+-------------------------------------------
     0 | D:1      | Xavori the Djinni Chaos Knight began the quest for the Orb.
     0 | D:1      | Reached XP level 1. HP: 20/20 MP: 0/0
   262 | D:1      | Reached XP level 2. HP: 24/25 MP: 0/0
   277 | D:1      | XOM: silly message
   432 | D:1      | XOM: cast spell 'Fugue of the Fallen'
   434 | D:1      | XOM: butterfly on damage
   642 | D:1      | XOM: divination: detect creatures
  1425 | D:1      | XOM: torment (14/25 hp)
  1901 | D:1      | XOM: give mutations
  1901 | D:1      | Gained mutation: Armour fits poorly on your strangely
                  | shaped body. [Xom's mischief]
  1901 | D:1      | Gained mutation: You are dopey. (Int -2) [Xom's mischief]
  1901 | D:1      | Gained mutation: You possess an exceptional clarity of
                  | mind. [Xom's mischief]
  2098 | D:1      | XOM: noise
  2237 | D:1      | XOM: summons 2 hostile demons
  2304 | D:2      | XOM: 3-stop teleportation journey
  2312 | D:2      | Reached XP level 3. HP: 26/30 MP: 0/0
  2312 | D:2      | Learned a level 1 spell: Apportation
  2771 | D:1      | XOM: god gift: wand of digging (3)
  3485 | D:1      | XOM: noise
  4116 | D:1      | XOM: give mutations
  4116 | D:1      | Gained mutation: You occasionally lose the ability to drink
                  | potions when taking damage. [Xom's mischief]
  4116 | D:1      | Gained mutation: You have a pair of small horns on your
                  | head. [Xom's mischief]
  4116 | D:1      | Gained mutation: You expend health (3 HP) to strengthen
                  | your wands. [Xom's mischief]
  4570 | D:1      | XOM is BORED!
  4570 | D:1      | XOM: silly message
  4663 | D:1      | XOM: divination: detect items
  4983 | D:1      | XOM is BORED!
  4983 | D:1      | XOM: summons 3 hostile shadow creatures
  5268 | D:1      | XOM: noise
  5458 | D:1      | XOM: divination: magic mapping
  5465 | D:1      | XOM is BORED!
  6424 | D:1      | XOM: give mutations
  6424 | D:1      | Gained mutation: You have hidden genetic potential. [Xom's
                  | grace]
  6424 | D:1      | Gained mutation: You have great hidden genetic potential.
                  | [Xom's grace]
  6853 | D:2      | XOM: give mutations
  6853 | D:2      | Lost mutation: Armour fits poorly on your strangely shaped
                  | body. [Xom's mischief]
  6853 | D:2      | Lost mutation: You are dopey. (Int -2) [Xom's mischief]
  6853 | D:2      | Lost mutation: You have great hidden genetic potential.
                  | [Xom's mischief]
  6853 | D:2      | Lost mutation: You have a pair of small horns on your head.
                  | [Xom's mischief]
  7557 | D:3      | Found Nakh's Armour Shop.
  7557 | D:3      | XOM: 7-stop teleportation journey
  7603 | D:3      | Reached XP level 4. HP: 27/35 MP: 0/0
  7660 | D:3      | Found Laitod's Jewellery Shoppe.
  7792 | D:3      | Noticed Natasha
  7808 | D:3      | Lost mutation: You occasionally lose the ability to drink
                  | potions when taking damage. [potion of mutation]
  7808 | D:3      | Lost mutation: You expend health (3 HP) to strengthen your
                  | wands. [potion of mutation]
  7808 | D:3      | Gained mutation: You are frail. (-10% HP) [potion of
                  | mutation]
  7808 | D:3      | Lost mutation: You have hidden genetic potential. [potion
                  | of mutation]
  7808 | D:3      | Gained mutation: You are occasionally teleported next to
                  | monsters. [potion of mutation]
  7808 | D:3      | Gained mutation: Your mind is acute. (Int +4, Str/Dex -1)
                  | [potion of mutation]
  7810 | D:3      | Killed Natasha
  8053 | D:3      | Found Domal's General Store.
  8103 | D:3      | Bought a scroll of blinking for 82 gold pieces
  8184 | D:3      | Noticed Grinder
  8307 | D:3      | Killed Grinder
  8308 | D:3      | Reached skill level 1 in Spellcasting
  8308 | D:3      | Reached skill level 1 in Conjurations
  8308 | D:3      | Reached skill level 1 in Hexes
  8308 | D:3      | Reached skill level 1 in Summonings
  8308 | D:3      | Reached skill level 1 in Necromancy
  8308 | D:3      | Reached skill level 1 in Translocations
  8308 | D:3      | Reached skill level 1 in Fire Magic
  8308 | D:3      | Reached skill level 1 in Ice Magic
  8308 | D:3      | Reached skill level 1 in Air Magic
  8308 | D:3      | Reached skill level 1 in Earth Magic
  8308 | D:3      | Reached skill level 1 in Alchemy
  8308 | D:3      | Reached XP level 5. HP: 9/36 MP: 0/0
  8308 | D:3      | Learned a level 2 spell: Ensorcelled Hibernation
  8308 | D:3      | Reached XP level 6. HP: 11/42 MP: 0/0
  8555 | D:3      | Found Sesmof's Weapon Boutique.
  8599 | D:3      | XOM: silly message
  8673 | D:3      | Noticed Natasha
  8676 | D:3      | Killed Natasha
  8730 | D:4      | XOM: enchant monster (good)
  8782 | D:4      | Noticed an ogre
  8793 | D:4      | Found Mialusun's Distillery.
  8805 | D:4      | Bought a potion of curing for 39 gold pieces
  8867 | D:4      | XOM: smoke on damage
  8894 | D:4      | XOM: summons friendly white imp
  8896 | D:4      | Reached XP level 7. HP: 18/46 MP: 0/0
  8896 | D:4      | Learned a level 2 spell: Momentum Strike
  8952 | D:4      | Found a bloodstained altar of Trog.
  8952 | D:4      | Found a stormy altar of Qazlal.
  8952 | D:4      | Noticed Duvessa
  8952 | D:4      | Noticed Dowan
  9349 | D:4      | XOM: 1-stop teleportation journey
  9393 | D:4      | Found a sparkling altar of Nemelex Xobeh.
  9396 | D:4      | XOM: god gift: scroll of fear
  9396 | D:4      | Killed Duvessa
  9397 | D:4      | Reached skill level 5 in Long Blades
  9401 | D:4      | Killed Dowan
  9426 | D:4      | Noticed Menkaure
  9427 | D:4      | XOM: god gift: scale mail {god gift}
  9441 | D:4      | Killed Menkaure
  9442 | D:4      | Reached XP level 8. HP: 35/52 MP: 0/0
  9848 | D:5      | Entered Level 5 of the Dungeon
  9853 | D:5      | XOM: summons 3 friendly demons
  9898 | D:5      | XOM: smoke on damage
  9901 | D:5      | Reached skill level 5 in Fighting
 10175 | D:5      | Found a shimmering altar of Xom.
 10189 | D:5      | XOM: god gift: 3 atropa-tipped darts
 10195 | D:5      | Noticed Ijyb
 10210 | D:5      | Found a shimmering altar of Xom.
 10210 | D:5      | Found a shimmering altar of Xom.
 10212 | D:5      | Found a shimmering altar of Xom.
 10214 | D:5      | Found a shimmering altar of Xom.
 10214 | D:5      | Found a shimmering altar of Xom.
 10218 | D:5      | XOM: summons 8 friendly demons
 10220 | D:5      | Killed Ijyb
 10378 | D:5      | Found a shimmering altar of Xom.
 10640 | D:6      | Found Yfotoed's Antique Armour Shop.
 10640 | D:6      | XOM: stealth player
 10646 | D:6      | XOM: cleaving
 10658 | D:6      | Noticed Edmund
 10659 | D:6      | XOM: cleaving
 10680 | D:6      | Killed Edmund
 10681 | D:6      | Reached XP level 9. HP: 28/58 MP: 0/0
 10681 | D:6      | Learned a level 4 spell: Brom's Barrelling Boulder
 10684 | D:6      | Reached skill level 5 in Dodging
 10797 | D:6      | XOM: cloud trail
 10900 | D:6      | Found a staircase to the Ecumenical Temple.
 11102 | D:6      | XOM: polymorph gnoll bouda -> rat
 11375 | D:6      | XOM: 3-stop teleportation journey
 11392 | D:6      | XOM: 1-stop teleportation journey
 11451 | D:6      | Identified the +0 leather armour of the Maze {Int+3 Stlth+}
 11618 | D:6      | XOM: divination: detect creatures
 11965 | D:7      | XOM: 2-stop teleportation journey
 11974 | D:7      | XOM: fake destruction
 11981 | D:7      | Reached skill level 1 in Shields
 12203 | D:7      | XOM: 1-stop teleportation journey
 12247 | D:7      | XOM: divination: detect creatures
 12281 | D:7      | XOM: noise
 12287 | D:7      | XOM: potion effect (haste)
 12297 | D:7      | XOM: silly message
 12473 | D:7      | XOM: divination: magic mapping
 12498 | D:8      | XOM: enchant monster (good)
 12553 | D:8      | Found Leigegaa's Magic Scroll Shoppe.
 12696 | D:8      | XOM: divination: detect items
 12794 | D:8      | XOM: smoke on damage
 12794 | D:8      | HP: 1/59 [steam dragon/ball of steam (4)]
 12797 | D:8      | XOM: noise
 12801 | D:8      | Reached skill level 2 in Shields
 12801 | D:8      | Reached XP level 10. HP: 22/64 MP: 0/0
 12945 | D:8      | XOM: potion effect (brilliance)
 12958 | D:8      | XOM: cast spell 'Leda's Liquefaction'
 13002 | D:8      | Found a staircase to the Lair.
 13002 | D:8      | Noticed a rime drake
 13006 | D:8      | XOM: potion effect (might)
 13007 | D:8      | Found a transporter.
 13238 | D:8      | XOM: enchant monster (bad)
 13311 | D:7      | Reached skill level 3 in Shields
 13358 | D:7      | Killed a rime drake
 13800 | D:7      | XOM: divination: detect creatures
 13802 | D:7      | XOM: potion effect (curing)
 13936 | D:3      | XOM: silly message
 14001 | D:3      | XOM: scenery: 1 doors close
 14289 | D:1      | XOM: give mutation
 14289 | D:1      | Lost mutation: You possess an exceptional clarity of mind.
                  | [Xom's mischief]
 14594 | D:1      | XOM: give mutations
 14594 | D:1      | Gained mutation: Your body sometimes deteriorates upon
                  | taking damage. [Xom's mischief]
 14594 | D:1      | Gained mutation: Your body often deteriorates upon taking
                  | damage. [Xom's mischief]
 14594 | D:1      | Lost mutation: Your mind is acute. (Int +4, Str/Dex -1)
                  | [Xom's mischief]
 14594 | D:1      | Gained mutation: Your movements are slightly less
                  | encumbered by armour. (ER -2) [Xom's mischief]
 15062 | D:1      | XOM: give mutations
 15062 | D:1      | Lost mutation: Your movements are slightly less encumbered
                  | by armour. (ER -2) [Xom's mischief]
 15062 | D:1      | Gained mutation: Your mind is acute. (Int +4, Str/Dex -1)
                  | [Xom's mischief]
 15062 | D:1      | Gained mutation: You possess an exceptional clarity of
                  | mind. [Xom's mischief]
 15174 | D:1      | XOM: silly message
 15419 | D:1      | XOM: stat loss: -1 Int (17/18)
 15951 | D:1      | XOM: summons 4 hostile shadow creatures
 17600 | D:1      | XOM: draining
 17712 | D:1      | XOM: summons 4 hostile demons
 17713 | D:1      | Noticed a rust devil
 18245 | D:1      | XOM: summons 2 hostile demons
 19055 | D:1      | XOM: summons 4 hostile demons
 19118 | D:2      | XOM: give mutation
 19118 | D:2      | Lost mutation: You are frail. (-10% HP) [Xom's mischief]
 19256 | D:1      | XOM: draining
 19275 | D:1      | XOM: stat loss: -1 Dex (15/16)
 19355 | D:1      | XOM: silly message
 19368 | D:1      | XOM: silly message
 20608 | D:1      | XOM: silly message
 20763 | D:1      | XOM: god gift: morningstar {god gift}
 20900 | D:1      | XOM: noise
 20986 | D:1      | XOM is BORED!
 20986 | D:1      | XOM: noise
 21178 | D:1      | XOM: divination: detect creatures
 21241 | D:1      | XOM: god gift: Hermit's Pendant {Faith Invo=14 Evo=0 MP+5}
 21242 | D:1      | Found the Hermit's Pendant {Faith Invo=14 Evo=0 MP+5}
 21727 | D:1      | XOM: give mutation
 21727 | D:1      | Gained mutation: Your spells are a little easier to cast,
                  | but a little less powerful. [Xom's mischief]
 21861 | D:1      | XOM: summons 1 hostile demon
 22062 | D:2      | XOM: divination: detect creatures
 22371 | D:1      | XOM is BORED!
 22371 | D:1      | XOM: give mutations
 22371 | D:1      | Gained mutation: You are strong-willed. (Will+) [Xom's
                  | mischief]
 23533 | D:1      | XOM: scenery: summon butterflies
 23922 | D:1      | XOM: god gift: 792 gold pieces
 24012 | D:8      | Bought a scroll of acquirement for 624 gold pieces
 24012 | D:8      | Acquired 585 gold pieces
 24031 | D:6      | XOM: scenery: summon butterflies
 24079 | D:3      | Bought the +5 Storm Queen's Shield {shock, Fly rElec} for
                  | 592 gold pieces
 24079 | D:3      | Found the +5 Storm Queen's Shield {shock, Fly rElec}
 24113 | D:4      | XOM: give mutations
 24113 | D:4      | Gained mutation: You expend health (3 HP) to strengthen
                  | your wands. [Xom's mischief]
 24113 | D:4      | Lost mutation: You are occasionally teleported next to
                  | monsters. [Xom's mischief]
 24113 | D:4      | Lost mutation: Your spells are a little easier to cast, but
                  | a little less powerful. [Xom's mischief]
 24250 | D:8      | Reached skill level 4 in Shields
 24568 | D:8      | Found Hiext's Weapon Shop.
 24579 | D:8      | Reached skill level 5 in Armour
 24661 | D:8      | Reached skill level 5 in Shields
 24821 | D:8      | a hound changed into a meliai
 24821 | D:8      | Noticed a meliai (shapeshifter)
 24824 | D:8      | Noticed an efreet
 24826 | D:8      | XOM: cast spell 'Summon Ice Beast'
 24828 | D:8      | Killed a meliai
 24829 | D:8      | Reached XP level 11. HP: 59/78 MP: 0/0
 24829 | D:8      | Learned a level 4 spell: Iskenderun's Mystic Blast
 24831 | D:8      | XOM: give mutations
 24831 | D:8      | Gained mutation: Armour fits poorly on your strangely
                  | shaped body. [Xom's mischief]
 24831 | D:8      | Gained mutation: You are agile. (Dex +4, Str/Int -1) [Xom's
                  | mischief]
 24831 | D:8      | Lost mutation: Your mind is acute. (Int +4, Str/Dex -1)
                  | [Xom's mischief]
 24831 | D:8      | Lost mutation: You are strong-willed. (Will+) [Xom's
                  | mischief]
 24834 | D:8      | Reached skill level 6 in Shields
 24838 | D:8      | XOM: cleaving
 24839 | D:8      | XOM: enchant monster (good)
 24842 | D:8      | XOM: destruction
 24845 | D:8      | Noticed a centaur warrior
 24850 | D:8      | XOM: destruction
 24853 | D:8      | Noticed a boulder beetle
 24853 | D:8      | Noticed a cyclops
 24988 | D:8      | Found a transporter.
 24988 | D:8      | Found Onwyxzi's Weapon Shop.
 25072 | D:8      | Noticed a boulder beetle
 25083 | D:8      | a boulder beetle changed into a minotaur
 25083 | D:8      | Noticed a minotaur
 25083 | D:8      | XOM: polymorph boulder beetle -> minotaur
 25094 | D:7      | XOM: summons 6 friendly demons
 25311 | D:8      | Noticed a green ugly thing
 25325 | D:8      | XOM: summons 9 friendly demons
 25330 | D:8      | Killed a green ugly thing
 25335 | D:8      | XOM: swap monsters
 25341 | D:8      | Killed a centaur warrior
 25342 | D:8      | Reached skill level 7 in Shields
 25353 | D:8      | XOM: 2-stop teleportation journey
 25360 | D:8      | XOM: divination: detect items
 25362 | D:8      | Killed a cyclops
 25595 | D:8      | Killed a boulder beetle
 25718 | D:8      | Noticed a two-headed ogre
 25718 | D:8      | XOM: swap monsters
 25725 | D:8      | XOM: noise
 25734 | D:8      | Killed a two-headed ogre
 25852 | D:9      | Reached skill level 8 in Shields
 25985 | D:9      | XOM: cast spell 'Summon Horrible Things'
 26013 | D:9      | Noticed a purple ugly thing
 26022 | D:9      | Reached XP level 12. HP: 85/85 MP: 0/0
 26095 | D:9      | Noticed a skeletal warrior
 26101 | D:9      | XOM: summons 9 friendly demons
 26108 | D:9      | Killed a skeletal warrior
 26109 | D:9      | Reached skill level 9 in Shields
 26440 | D:9      | Reached skill level 5 in Spellcasting
 26440 | D:9      | Reached skill level 5 in Conjurations
 26440 | D:9      | Reached skill level 5 in Hexes
 26440 | D:9      | Reached skill level 5 in Summonings
 26440 | D:9      | Reached skill level 5 in Necromancy
 26440 | D:9      | Reached skill level 5 in Translocations
 26440 | D:9      | Reached skill level 5 in Fire Magic
 26440 | D:9      | Reached skill level 5 in Ice Magic
 26440 | D:9      | Reached skill level 5 in Air Magic
 26440 | D:9      | Reached skill level 5 in Earth Magic
 26440 | D:9      | Reached skill level 5 in Alchemy
 26591 | D:9      | Acquired 820 gold pieces
 26684 | D:7      | Killed a minotaur
 26762 | D:3      | Bought the +5 moon troll leather armour {Spirit, Regen++
                  | MP+5} for 773 gold pieces
 26762 | D:3      | Found the +5 moon troll leather armour {Spirit, Regen++
                  | MP+5}
 26850 | D:6      | Bought an ichor-stained helmet for 256 gold pieces
 26850 | D:6      | Identified the +0 helmet "Labrorosm" {rPois rC- Regen+
                  | rCorr Dex-3} (You bought it in a shop on level 6 of the
                  | Dungeon)
 27152 | D:10     | Entered Level 10 of the Dungeon
 27152 | D:10     | Noticed a two-headed ogre
 27159 | D:10     | Killed a two-headed ogre
 27160 | D:10     | Reached skill level 10 in Long Blades
 27160 | D:10     | Noticed Harold
 27160 | D:10     | XOM: 2-stop teleportation journey
 27208 | D:10     | Noticed Erica
 27218 | D:10     | Killed Erica
 27219 | D:10     | Reached skill level 10 in Shields
 27323 | D:10     | XOM: scenery: create altars
 27326 | D:10     | XOM: cleaving
 27338 | D:10     | Killed Harold
 27537 | D:10     | Reached skill level 1 in Evocations
 27562 | D:10     | XOM: summons friendly ufetubus
 27583 | D:10     | XOM: cloud trail
 27731 | D:10     | Found a staircase to the Orcish Mines.
 27989 | D:11     | Noticed Snorg
 27991 | D:11     | Noticed a two-headed ogre
 28120 | D:10     | Killed a two-headed ogre
 28120 | D:10     | XOM: swap monsters
 28121 | D:10     | Killed Snorg
 28122 | D:10     | Reached XP level 13. HP: 63/92 MP: 0/0
 28122 | D:10     | Learned a level 5 spell: Fireball
 28161 | D:11     | XOM: 1-stop teleportation journey
 28184 | D:11     | Found a glowing golden altar of the Shining One.
 28528 | D:11     | XOM: give mutations
 28528 | D:11     | Lost mutation: Your body often deteriorates upon taking
                  | damage. [Xom's mischief]
 28528 | D:11     | Lost mutation: Armour fits poorly on your strangely shaped
                  | body. [Xom's mischief]
 28528 | D:11     | Gained mutation: You are very agile. (Dex +8, Str/Int -2)
                  | [Xom's mischief]
 28780 | Lair:1   | Entered Level 1 of the Lair of Beasts
 28780 | Lair:1   | XOM: divination: detect items
 28781 | Lair:1   | XOM: potion effect (berserk rage)
 28791 | Lair:1   | Reached skill level 11 in Shields
 28836 | Lair:1   | Found a runed translucent door.
 28935 | Lair:1   | XOM: divination: magic mapping
 28940 | Lair:1   | XOM: cast spell 'Cause Fear'
 28961 | Lair:1   | XOM: cast spell 'Olgreb's Toxic Radiance'
 28962 | Lair:1   | XOM: cast spell 'Cause Fear'
 28971 | Lair:1   | XOM: divination: detect creatures
 29031 | Lair:1   | XOM: silly message
 29152 | Lair:1   | XOM: cloud trail
 29166 | Lair:1   | XOM: potion effect (haste)
 29257 | Lair:1   | XOM: silly message
 29395 | Lair:1   | Noticed a minotaur
 29407 | Lair:1   | Killed a minotaur
 29571 | Lair:2   | XOM: divination: magic mapping
 29578 | Lair:2   | Identified the +0 pair of gloves of Parts Unknown {rPois
                  | Dex+5}
 29644 | Lair:2   | XOM: cast spell 'Summon Ice Beast'
 29672 | Lair:2   | XOM: confuse monster(s)
 29675 | Lair:2   | XOM: enchant monster (good)
 29704 | Lair:2   | XOM: divination: detect items
 29708 | Lair:2   | XOM: confuse monster(s)
 30030 | Lair:2   | XOM: torment (48/93 hp)
 30165 | Lair:2   | XOM: divination: magic mapping
 30166 | Lair:2   | XOM: enchant monster (good)
 30394 | Lair:3   | Found a staircase to the Swamp.
 30434 | Lair:3   | Found a staircase to the Snake Pit.
 30545 | Lair:3   | XOM: confuse monster(s)
 30549 | Lair:3   | Reached skill level 12 in Shields
 30568 | Lair:3   | XOM: polymorph bullfrog -> glowing shapeshifter
 30591 | Lair:3   | XOM: confuse monster(s)
 30606 | Lair:3   | XOM: confuse monster(s)
 30610 | Lair:3   | XOM: fake destruction
 30689 | Lair:3   | XOM: summons friendly shadow imp
 30762 | Lair:3   | Reached XP level 14. HP: 99/99 MP: 0/0
 30983 | Lair:3   | XOM: summons friendly crimson imp
 31115 | Lair:3   | XOM: summons 3 friendly demons
 31162 | Lair:3   | XOM: confuse monster(s)
 31426 | Lair:4   | Noticed Josephine
 31450 | Lair:4   | Killed Josephine
 31531 | Lair:4   | XOM: confuse monster(s)
 31533 | Lair:4   | XOM: cast spell 'Summon Small Mammal'
 31540 | Lair:4   | XOM: noise
 31586 | Lair:4   | XOM: polymorph water moccasin -> meliai
 31645 | Lair:4   | XOM: polymorph catoblepas -> shapeshifter
 31645 | Lair:4   | a shapeshifter changed into a dire elephant
 31645 | Lair:4   | Noticed a dire elephant (shapeshifter)
 31652 | Lair:4   | XOM: butterfly on damage
 31656 | Lair:4   | Killed a dire elephant
 31704 | Lair:4   | XOM: divine lightning
 31842 | Lair:4   | Reached skill level 13 in Shields
 31913 | Lair:4   | XOM: cast spell 'Olgreb's Toxic Radiance'
 31935 | Lair:4   | XOM: 3-stop teleportation journey
 32140 | Lair:4   | XOM: snakes to sticks
 32145 | Lair:4   | Reached XP level 15. HP: 94/105 MP: 0/0
 32145 | Lair:4   | Learned a level 6 spell: Bombard
 32173 | Lair:4   | XOM: polymorph fire crab -> sky beast
 32177 | Lair:4   | XOM: chaos cloud
 32304 | Lair:4   | XOM: enchant monster (good)
 32312 | Lair:4   | XOM: potion effect (might)
 32610 | Lair:4   | Found a viscous altar of Jiyva.
 32610 | Lair:4   | Found a staircase to the Slime Pits.
 32672 | Lair:5   | Entered Level 5 of the Lair of Beasts
 32690 | Lair:5   | XOM: enchant monster (good)
 32711 | Lair:5   | Found a glowing golden altar of the Shining One.
 32718 | Lair:5   | XOM: smoke on damage
 32734 | Lair:5   | XOM: potion effect (haste)
 32736 | Lair:5   | XOM: 4-stop teleportation journey
 32821 | Lair:5   | Reached skill level 10 in Dodging
 32972 | Lair:5   | XOM: polymorph water moccasin -> tarantella
 33205 | Lair:5   | XOM: give mutations
 33205 | Lair:5   | Gained mutation: You are frail. (-10% HP) [Xom's mischief]
 33205 | Lair:5   | Gained mutation: You occasionally lose the ability to read
                  | scrolls when taking damage. [Xom's mischief]
 33207 | Lair:5   | XOM: blink monster(s)
 33211 | Lair:5   | XOM: stat loss: -1 Int (11/12)
 33317 | Lair:5   | XOM: silly message
 33375 | Lair:5   | Reached skill level 14 in Shields
 33557 | Lair:5   | Identified the staff of a Labyrinth {rPois rF+ Alchemy}
 33591 | Lair:5   | XOM: summons 1 hostile demon
 34064 | Orc:1    | Entered Level 1 of the Orcish Mines
 34066 | Orc:1    | XOM: 2-stop teleportation journey
 34085 | Orc:1    | Found Fephil's Magic Scroll Boutique.
 34090 | Orc:1    | XOM: divine lightning
 34105 | Orc:1    | Reached skill level 10 in Fighting
 34107 | Orc:1    | XOM: polymorph ogre -> ogre
 34155 | Orc:1    | Bought a scroll of teleportation for 36 gold pieces
 34246 | Orc:1    | XOM: cloud trail
 34287 | Orc:1    | XOM: divination: detect items
 34373 | Orc:2    | Entered Level 2 of the Orcish Mines
 34387 | Orc:2    | Found a bloodstained altar of Trog.
 34467 | Orc:2    | Found a staircase to the Elven Halls.
 34500 | Orc:2    | XOM: potion effect (experience)
 34500 | Orc:2    | Reached XP level 16. HP: 101/101 MP: 0/0
 34527 | Orc:2    | Reached XP level 17. HP: 107/107 MP: 0/0
 34527 | Orc:2    | Learned a level 7 spell: Orb of Destruction
 34621 | Orc:2    | XOM: silly message
 34699 | Orc:2    | XOM: potion effect (brilliance)
 34706 | Orc:2    | XOM: potion effect (haste)
 34830 | Orc:2    | Found Feshrae's Antique Armour Shop.
 34832 | Orc:2    | Found Laxze's Antique Weapon Boutique.
 34942 | Orc:2    | Found Ese Ost's Book Shoppe.
 35308 | Orc:2    | Found Deosiot's Armour Emporium.
 35632 | D:12     | XOM: potion effect (haste)
 35745 | D:12     | XOM: potion effect (berserk rage)
 35823 | D:12     | XOM: enchant monster (bad)
 35904 | D:12     | Found a large runed translucent door.
 35904 | D:12     | Found a large runed translucent door.
 35904 | D:12     | Found a shimmering altar of Xom.
 35977 | D:12     | XOM: cloud trail
 36237 | D:12     | XOM: scenery: summon butterflies
 36446 | D:12     | XOM: confuse monster(s)
 36532 | D:12     | XOM: scenery: create altars
 36748 | D:13     | Paralysed by something for 2 turns
 37713 | D:13     | XOM: scenery: create altars
 37829 | D:14     | Reached skill level 15 in Shields
 37854 | D:14     | Found Voeheota's General Store.
 37873 | D:14     | XOM: fog
 37876 | D:14     | Reached skill level 10 in Armour
 37897 | D:14     | XOM: divination: detect creatures
 38126 | D:14     | XOM: enchant monster (good)
 38132 | D:14     | XOM: noise
 38145 | D:14     | XOM: silly message
 38195 | D:14     | Found a gate to the Vaults.
 38258 | D:14     | XOM: divination: detect creatures
 38478 | Snake:1  | Entered Level 1 of the Snake Pit
 38569 | Snake:1  | XOM: divination: detect items
 38618 | Snake:1  | XOM: god gift: scroll of enchant weapon
 38651 | Snake:1  | Reached XP level 18. HP: 115/115 MP: 0/0
 38661 | Snake:1  | Noticed Azrael
 38678 | Snake:1  | Killed Azrael
 38728 | Snake:1  | XOM: potion effect (might)
 38795 | Snake:1  | XOM: divination: detect creatures
 39039 | Snake:1  | Noticed Nikola
 39040 | Snake:1  | XOM: torment (59/115 hp)
 39045 | Snake:1  | XOM: summons 4 hostile shadow creatures
 39049 | Snake:1  | XOM: give mutation
 39049 | Snake:1  | Lost mutation: You possess an exceptional clarity of mind.
                  | [Xom's mischief]
 39054 | Snake:1  | XOM: noise
 39241 | Snake:2  | XOM: chaos upgrade
 39251 | Snake:2  | XOM: blink monster(s)
 39258 | Snake:2  | XOM: noise
 39321 | Snake:2  | Lost mutation: You expend health (3 HP) to strengthen your
                  | wands. [potion of mutation]
 39321 | Snake:2  | Lost mutation: You are frail. (-10% HP) [potion of
                  | mutation]
 39321 | Snake:2  | Lost mutation: Your body sometimes deteriorates upon taking
                  | damage. [potion of mutation]
 39321 | Snake:2  | Gained mutation: Your mind is acute. (Int +4, Str/Dex -1)
                  | [potion of mutation]
 39321 | Snake:2  | Gained mutation: You are frail. (-10% HP) [potion of
                  | mutation]
 39395 | Snake:2  | XOM: blink monster(s)
 39443 | Snake:2  | XOM: polymorph naga sharpshooter -> broodmother
 39482 | Snake:2  | XOM: 1-stop teleportation journey
 39487 | Snake:2  | XOM: confusion
 39693 | Snake:2  | XOM: enchant monster (bad)
 39727 | Snake:2  | XOM: summons 1 hostile shadow creature
 39739 | Snake:2  | XOM: smoke on damage
 39774 | Snake:2  | XOM: silly message
 39798 | Snake:2  | XOM: polymorph naga warrior -> goliath frog
 39807 | Snake:2  | XOM: noise
 39898 | Snake:2  | XOM: enchant monster (good)
 39902 | Snake:2  | Reached skill level 16 in Shields
 39935 | Snake:2  | XOM: silly message
 39948 | Snake:2  | Found Egoblas's General Store.
 39952 | Snake:2  | Found Ofoah's Jewellery Shoppe.
 39956 | Snake:2  | Bought a scroll of teleportation for 45 gold pieces
 39960 | Snake:2  | Bought the ring of the Leaf {rPois rC+ rN+ Dex+2 Stlth+}
                  | for 813 gold pieces
 39971 | Snake:2  | XOM: give mutations
 39971 | Snake:2  | Gained mutation: You are strong-willed. (Will+) [Xom's
                  | grace]
 39971 | Snake:2  | Gained mutation: You are partially covered in large bone
                  | plates. (SH +4) [Xom's grace]
 39971 | Snake:2  | Gained mutation: You have very sharp teeth. [Xom's grace]
 40036 | Snake:2  | XOM: scenery: summon butterflies
 40111 | Snake:2  | XOM: summons friendly iron imp
 40307 | Snake:3  | Found Jiynuixt's General Store.
 40323 | Snake:3  | XOM: chaos upgrade
 40364 | Snake:3  | XOM: noise
 40539 | Snake:3  | XOM: divine lightning
 40786 | Snake:4  | Entered Level 4 of the Snake Pit
 40860 | Snake:4  | Noticed Louise
 40874 | Snake:4  | Killed Louise
 40874 | Snake:4  | XOM: cleaving
 40969 | Snake:4  | Noticed Roxanne
 40972 | Snake:4  | XOM: potion effect (might)
 40976 | Snake:4  | XOM: fog
 40985 | Snake:4  | Killed Roxanne
 40986 | Snake:4  | Reached XP level 19. HP: 122/122 MP: 0/0
 40986 | Snake:4  | Learned a level 7 spell: Haunt
 41058 | Snake:4  | Found a runed translucent door.
 41059 | Snake:4  | Noticed croobank's ghost (adept FeSu)
 41105 | Snake:4  | XOM: 3-stop teleportation journey
 41158 | Snake:4  | XOM: give mutations
 41158 | Snake:4  | Lost mutation: You are frail. (-10% HP) [Xom's mischief]
 41158 | Snake:4  | Gained mutation: Your mind is very acute. (Int +8, Str/Dex
                  | -2) [Xom's mischief]
 41158 | Snake:4  | Lost mutation: Your mind is very acute. (Int +8, Str/Dex
                  | -2) [Xom's mischief]
 41221 | Snake:4  | Reached skill level 15 in Long Blades
 41221 | Snake:4  | Reached skill level 5 in Evocations
 41377 | Snake:4  | XOM: noise
 41387 | Snake:4  | XOM: noise
 41454 | Snake:4  | Got a serpentine rune of Zot
 41610 | Snake:4  | XOM: silly message
 41643 | Snake:4  | XOM: torment (77/137 hp)
 41647 | Snake:4  | Killed croobank's ghost
 41648 | Snake:4  | Reached skill level 10 in Spellcasting
 41648 | Snake:4  | Reached skill level 10 in Conjurations
 41648 | Snake:4  | Reached skill level 10 in Hexes
 41648 | Snake:4  | Reached skill level 10 in Summonings
 41648 | Snake:4  | Reached skill level 10 in Necromancy
 41648 | Snake:4  | Reached skill level 10 in Translocations
 41648 | Snake:4  | Reached skill level 10 in Fire Magic
 41648 | Snake:4  | Reached skill level 10 in Ice Magic
 41648 | Snake:4  | Reached skill level 10 in Air Magic
 41648 | Snake:4  | Reached skill level 10 in Earth Magic
 41648 | Snake:4  | Reached skill level 10 in Alchemy
 41696 | Snake:4  | XOM: torment (77/137 hp)
 41722 | Snake:2  | XOM: stat loss: -1 Dex (29/30)
 41766 | Swamp:1  | Entered Level 1 of the Swamp
 42002 | D:3      | Bought the ring "Vyc Jiem" {*Slow rPois rC+ Will+ Str+6}
                  | for 559 gold pieces
 42524 | Swamp:1  | XOM: enchant monster (good)
 42544 | Swamp:1  | XOM: polymorph tyrant leech -> boulder beetle
 42549 | Swamp:1  | XOM: repel stairs
 42618 | Swamp:1  | XOM: give mutations
 42618 | Swamp:1  | Lost mutation: Your mind is acute. (Int +4, Str/Dex -1)
                  | [Xom's mischief]
 42618 | Swamp:1  | Lost mutation: You are very agile. (Dex +8, Str/Int -2)
                  | [Xom's mischief]
 42652 | Swamp:1  | XOM: swap monsters
 42707 | Swamp:1  | Found a broken altar of Ashenzari.
 42739 | Swamp:1  | XOM: give mutations
 42739 | Swamp:1  | Gained mutation: You are partially covered in iridescent
                  | scales. (AC +2) [Xom's mischief]
 42739 | Swamp:1  | Lost mutation: You occasionally lose the ability to read
                  | scrolls when taking damage. [Xom's mischief]
 42739 | Swamp:1  | Lost mutation: You are agile. (Dex +4, Str/Int -1) [Xom's
                  | mischief]
 42739 | Swamp:1  | Gained mutation: Your muscles are strong. (Str +4, Int/Dex
                  | -1) [Xom's mischief]
 42808 | Swamp:1  | XOM: give mutations
 42808 | Swamp:1  | Lost mutation: You are strong-willed. (Will+) [Xom's
                  | mischief]
 42808 | Swamp:1  | Gained mutation: Your spells are a little harder to cast,
                  | but a little more powerful. [Xom's mischief]
 42808 | Swamp:1  | Lost mutation: You are partially covered in iridescent
                  | scales. (AC +2) [Xom's mischief]
 42984 | Swamp:1  | Found the crystal ball of Wucad Mu {*channel}
 43046 | Swamp:1  | XOM: summons 10 hostile demons
 43370 | Swamp:2  | XOM: divination: magic mapping
 43376 | Swamp:2  | XOM: noise
 43377 | Swamp:2  | XOM: silly message
 43384 | Swamp:1  | XOM: divination: detect creatures
 43419 | Swamp:2  | XOM: divination: detect creatures
 43566 | Swamp:2  | XOM: 4-stop teleportation journey
 43961 | Swamp:3  | Identified the serpent talisman of Dishonesty {rN+++ rCorr
                  | MP-9 Stlth-}
 43961 | Swamp:3  | Noticed Aizul
 43963 | Swamp:3  | XOM: summons 5 hostile demons
 43966 | Swamp:3  | XOM: summons 16 friendly demons
 43981 | Swamp:3  | Killed Aizul
 44013 | Swamp:3  | XOM: 2-stop teleportation journey
 44128 | Swamp:3  | XOM: give mutations
 44128 | Swamp:3  | Gained mutation: You expend health (3 HP) to strengthen
                  | your wands. [Xom's mischief]
 44230 | Swamp:3  | XOM: cloud trail
 44330 | Swamp:3  | XOM: summons 9 friendly demons
 44345 | Swamp:3  | Reached skill level 17 in Shields
 44345 | Swamp:3  | Reached XP level 20. HP: 137/144 MP: 0/0
 44565 | Swamp:4  | Entered Level 4 of the Swamp
 44593 | Swamp:4  | Noticed a tentacled monstrosity
 44611 | Swamp:4  | Killed a tentacled monstrosity
 44689 | Swamp:4  | XOM: confusion (+ monsters)
 44760 | Swamp:4  | XOM: divination: magic mapping
 44812 | Swamp:4  | XOM: enchant monster (good)
 44907 | Swamp:4  | XOM: smoke on damage
 44923 | Swamp:4  | XOM: 2-stop teleportation journey
 44926 | Swamp:4  | XOM: fog
 45059 | Swamp:4  | XOM: polymorph green death -> apocalypse crab
 45061 | Swamp:4  | XOM: divination: detect creatures
 45106 | Swamp:4  | XOM: confuse monster(s)
 45126 | Swamp:4  | XOM: enchant monster (good)
 45314 | Swamp:4  | XOM: polymorph orange demon -> soul eater
 45315 | Swamp:4  | Noticed a tentacled monstrosity
 45326 | Swamp:4  | XOM: enchant monster (good)
 45338 | Swamp:4  | Killed a tentacled monstrosity
 45376 | Swamp:4  | Got a decaying rune of Zot
 45578 | Swamp:4  | XOM: confuse monster(s)
 45866 | D:15     | Entered Level 15 of the Dungeon
 45980 | D:15     | XOM: confuse monster(s)
 46028 | D:15     | XOM: scenery: 2 doors open
 46138 | D:15     | XOM: 1-stop teleportation journey
 46210 | D:15     | Identified the +1 chain mail of Untruth {Rampage *Corrode
                  | rN+++ Slay-4}
 46219 | D:15     | XOM: silly message
 46270 | D:15     | Identified the +10 lajatang of the Lair of Beasts {venom,
                  | Stlth+}
 46440 | D:15     | XOM: confusion
 46471 | D:15     | Reached XP level 21. HP: 152/152 MP: 0/0
 46471 | D:15     | Learned a level 7 spell: Monstrous Menagerie
 46500 | D:15     | XOM: summons 3 hostile demons
 46517 | D:15     | Found a glowing silver altar of Zin.
 46517 | D:15     | Found a glowing silver altar of Zin.
 46519 | D:15     | Found a sacrificial altar of Ru.
 46548 | D:15     | XOM: summons 3 hostile shadow creatures
 46565 | D:15     | XOM: chaos cloud
 46571 | D:15     | XOM: summons 4 hostile shadow creatures
 46642 | D:15     | XOM: chaos cloud
 46694 | D:15     | XOM: summons 1 hostile demon
 46759 | D:15     | XOM: polymorph deep elf pyromancer -> something unseen
 46762 | D:15     | XOM: polymorph wolf spider -> eye of devastation
 46847 | D:15     | XOM: chaos cloud
 47081 | D:15     | Found a staircase to the Depths.
 47356 | Elf:1    | Entered Level 1 of the Elven Halls
 47374 | Elf:1    | Identified the +1 ring mail "Ozoagron" {Harm rC++ Regen+
                  | Slay-5}
 47429 | Elf:1    | XOM: 1-stop teleportation journey
 47533 | Elf:1    | Found Agais's Armour Emporium.
 47533 | Elf:1    | XOM: swap monsters
 47541 | Elf:1    | XOM: summons 4 friendly demons
 47544 | Elf:1    | XOM: 1-stop teleportation journey
 48048 | Elf:1    | Found a portal to a secret trove of treasure.
 48339 | Elf:1    | XOM: noise
 48340 | Elf:1    | XOM: scenery: 4 doors close
 48341 | Elf:1    | XOM: scenery: 4 doors open
 48356 | Elf:1    | XOM: fog
 48379 | Elf:1    | XOM: confuse monster(s)
 48395 | Orc:2    | XOM: 6-stop teleportation journey
 48941 | Elf:1    | You paid a toll of +4 shadow dragon scales to enter a
                  | treasure trove
 48942 | Trove    | Entered a treasure trove
 49001 | Trove    | Identified the +3 barding of the Realm of Zot {rElec
                  | Regen+}
 49140 | Trove    | Found the +3 hat of Pondering {ponderous, Will+ MP+10
                  | Int+5}
 49144 | Trove    | Identified the +0 helmet "Vacuv" {rC- Str+4 Slay+6}
 49229 | Elf:2    | XOM: blink monster(s)
 49236 | Elf:2    | XOM: destruction
 49321 | Elf:2    | Found Siulaysh's Book Shop.
 49513 | Elf:2    | XOM: summons 2 hostile shadow creatures
 49514 | Elf:2    | XOM: silly message
 49600 | Elf:1    | XOM: confusion
 49602 | Elf:1    | XOM: swap monsters
 49604 | Elf:1    | XOM: confusion
 49619 | Elf:1    | XOM: god gift: scale mail {god gift}
 49653 | Elf:2    | XOM: summons 5 friendly demons
 49787 | Elf:2    | Found a runed translucent gate.
 49788 | Elf:2    | Found a runed translucent gate.
 49788 | Elf:2    | Found a runed translucent gate.
 49831 | Elf:2    | XOM: god gift: potion of enlightenment
 50036 | Elf:2    | XOM: confusion
 50050 | Elf:2    | HP: 6/154 [deep elf knight/shard of ice (29)]
 50050 | Elf:2    | Mangled by a +6 hand axe

Illustrated notes

Levels and vault maps discovered:
D:1:      dpeg_arrival_signposts, layout_loops_ring, serial_bayou_lagoon_a
D:2:      layout_basic
D:3:      layout_basic, serial_curves, eino_curves_04, eino_curves_01,
          serial_shops, shop, shop, nicolae_shop_window_shopping, shop,
          kennysheep_nondescript, uniq_grinder, uniq_natasha
D:4:      minmay_evil_eye, layout_cave_pools, nicolae_overflow_quartered_altars,
          serial_shops, shop, chequers_big_river, grunt_decor_arrowhead,
          kennysheep_potato, uniq_menkaure, uniq_duvessa
D:5:      layout_cave_pools, nicolae_xom_altar_mimics,
          nicolae_twisty_statue_hallways, uniq_ijyb
D:6:      layout_loops_ring, minmay_temple_entry_statues_pillars, serial_rivers,
          chequers_serial_rivers_small_b, chequers_serial_rivers_micro_a,
          chequers_serial_rivers_micro_c, chequers_serial_rivers_small_3,
          chequers_serial_rivers_micro_a, serial_shops, shop,
          due_unseen_surprise, uniq_edmund
D:7:      layout_rooms
D:8:      hangedman_cross_veins, layout_cave_pools, hellmonk_lair_entry_icy,
          serial_shops, nicolae_shop_drivethru, shop,
          nicolae_shop_tiny_real_fake_doors, serial_undead, serial_undead_d,
          serial_undead_e, serial_undead_f, serial_undead_f
D:9:      layout_irregular_city, hangedman_minor_gate_pass
D:10:     layout_long_grid, orc_0_dummy, st_stairs_14, grunt_ministairs_13,
          chequers_serial_rivers_micro_d, uniq_harold, uniq_erica
D:11:     layout_basic, tso_metal_star, uniq_snorg
D:12:     due_chaos_kobolds, layout_basic
D:13:     minmay_outward_triangles, layout_layer_cave,
          chequers_serial_rivers_large_a
D:14:     layout_cross, ximxim_vaults_locker_room, serial_shops,
          nicolae_shop_waterfront, nicolae_elevator_lobby_plus
D:15:     hangedman_slaughterboxes
Lair:1:   dreamdust_labyrinth, layout_regular_city, minivault_23,
          cheibrodos_lair_reptile_den
Lair:2:   layout_roguey
Lair:3:   dreamdust_isle_of_ice, layout_hall_layers, skrybe_swamp_entry_bodies,
          minmay_snake_entry_guardpost_small, guppyfry_lair_drakes,
          grunt_megastairs_1
Lair:4:   nzn_winding_woodlands_large [nzn_winding_woodlands_5x5_perimeter,
          nzn_winding_woodlands_5x15_crooked,
          nzn_winding_woodlands_5x5_open_star,
          nzn_winding_woodlands_center_lodge,
          nzn_winding_woodlands_15x15_thick_spiral,
          nzn_winding_woodlands_center_garden, nzn_winding_woodlands_hourglass,
          nzn_winding_woodlands_5x15_jagged,
          nzn_winding_woodlands_5x5_checkerboard], layout_small_grid,
          dpeg_slime_entry_enclosed, infiniplex_staircase_pool, uniq_josephine
Lair:5:   evilmike_catoblepas_cave, layout_small_grid, basic_altar,
          serial_bayou_crossing, serial_bayou_shore_b
Swamp:1:  layout_basic_swamp, evilmike_swamp_ruin_rubble_2,
          hangedman_swamp_blocks, nicolae_swamp_godswood, swamp_pool_5
Swamp:2:  layout_basic_swamp, serial_swamp_ruin, evilmike_swamp_ruin_house_2,
          evilmike_swamp_ruin_house_3
Swamp:3:  layout_basic_swamp, evilmike_swamp_ruin_house_1, swamp_pool_1_2,
          nicolae_swamp_decorative_isthmus, uniq_aizul
Swamp:4:  swamp_vile, layout_basic_swamp
Snake:1:  layout_onion, serial_bayou_shore_b, uniq_nikola, uniq_azrael
Snake:2:  layout_gridlike, grunt_megastairs_4, minmay_shop_star
Snake:3:  layout_rooms, serial_shops, shop
Snake:4:  snake_pit, layout_misc_corridors, ebering_ghost_inner_flame,
          uniq_roxanne, uniq_louise
Orc:1:    layout_caves, serial_shops, nicolae_shop_tiny_glass
Orc:2:    grunt_orc_community_town_hall, layout_diamond_mine,
          grunt_orc_community_big_house_1, grunt_orc_community_big_house_1,
          grunt_orc_community_house_2, grunt_orc_community_house_1,
          grunt_orc_community_house_2, grunt_orc_community_house_3,
          grunt_orc_community_house_3, basic_altar, kennysheep_orc_sif_temple
Elf:1:    layout_geoelf_octagon, basic_altar, enter_trove_6, serial_shops, shop,
          minmay_elf_necromancy
Elf:2:    nicolae_elf_blades_crystal_corner, layout_loops_ring, basic_altar,
          serial_shops, nicolae_shop_mannequins

Skill      XL: |  1  2  3  4  5  6  7  8  9 10 11 12 13 14 15 16 17 18 19 20 21 |
---------------+----------------------------------------------------------------+-----
Long Blades    | 3 4 5 6 7 8 9 10 11 12 13 14 15 16 | 16.6
Armour         | 2 3 4 5 6 8 10 11 12 13 14 | 14.6
Dodging        | 3 4 6 7 8 9 10 | 10.6
Spellcasting   | 1 2 3 4 5 6 7 8 9 10 11 | 11.6
Conjurations   | 1 2 3 4 5 6 7 8 9 10 11 | 11.6
Hexes          | 1 2 3 4 5 6 7 8 9 10 11 | 11.6
Summonings     | 1 2 3 4 5 6 7 8 9 10 11 | 11.6
Necromancy     | 1 2 3 4 5 6 7 8 9 10 11 | 11.6
Translocations | 1 2 3 4 5 6 7 8 9 10 11 | 11.6
Fire Magic     | 1 2 3 4 5 6 7 8 9 10 11 | 11.6
Ice Magic      | 1 2 3 4 5 6 7 8 9 10 11 | 11.6
Air Magic      | 1 2 3 4 5 6 7 8 9 10 11 | 11.6
Earth Magic    | 1 2 3 4 5 6 7 8 9 10 11 | 11.6
Alchemy        | 1 2 3 4 5 6 7 8 9 10 11 | 11.6
Fighting       | 4 5 6 7 8 9 10 11 12 13 14 | 14.9
Shields        | 2 5 8 10 12 13 14 15 16 17 | 17.0
Evocations     | 2 3 4 6 8 |  8.9
Unarmed Combat | |  0.2

Action                     |  1- 3 |  4- 6 |  7- 9 | 10-12 | 13-15 | 16-18 | 19-21 || total
---------------------------+-------+-------+-------+-------+-------+-------+-------++-------
  Melee: Falchion          |    78 |    93 |   321 |   225 |       |       |       ||   717
         Punch             |     1 |     5 |     2 |       |       |       |       ||     8
         Headbutt          |     1 |       |       |       |       |       |       ||     1
         Unarmed           |       |       |     4 |       |       |       |       ||     4
         Scimitar          |       |       |       |   216 |   790 |   971 |  1557 ||  3534
         Bite              |       |       |       |       |       |    27 |   288 ||   315
   Cast: Momentum Strike   |       |       |     1 |       |       |       |       ||     1
         Ensorcelled Hiber |       |       |       |     1 |       |     1 |       ||     2
         Iskenderun's Myst |       |       |       |     8 |     1 |     2 |     5 ||    16
         Brom's Barrelling |       |       |       |     3 |     1 |     2 |       ||     6
         Fireball          |       |       |       |       |     3 |    22 |    43 ||    68
         Bombard           |       |       |       |       |       |       |     1 ||     1
  Evoke: Wand              |       |       |     3 |     3 |       |       |       ||     6
         Lightning rod     |       |       |       |       |       |       |     1 ||     1
    Use: Potion            |       |     6 |     2 |     1 |       |     1 |     3 ||    13
         Scroll            |       |     1 |     6 |     5 |     9 |     6 |    12 ||    39
   Stab: Sleeping          |     1 |     1 |     2 |       |     4 |     6 |    12 ||    26
         Confused          |       |     1 |       |     2 |     9 |     1 |     4 ||    17
         Petrified         |       |       |     4 |     9 |     9 |       |       ||    22
         Petrifying        |       |       |     1 |     1 |     6 |     1 |       ||     9
         Invisible         |       |       |       |     1 |       |       |       ||     1
         Distracted        |       |       |       |     1 |     2 |     3 |     3 ||     9
         Betrayed ally     |       |       |       |       |     1 |       |       ||     1
         Paralysed         |       |       |       |       |       |       |     4 ||     4
 Armour: Leather armour    |    39 |    66 |   199 |   133 |       |       |       ||   437
         Skin              |       |       |     3 |       |       |       |       ||     3
         Troll leather arm |       |       |       |    20 |   146 |   236 |   456 ||   858
  Dodge: Dodged            |    51 |    66 |   225 |   162 |   247 |   435 |   383 ||  1569
  Block: Buckler           |       |       |    54 |    63 |       |       |       ||   117
         Other             |       |       |    18 |       |       |       |       ||    18
         Kite shield       |       |       |       |   370 |   879 |  1278 |  1686 ||  4213
         Reflection        |       |       |       |    18 |    18 |   113 |   155 ||   304
